[Event "Tata Steel Chess, Group A"]
[Site "Wijk aan Zee, The Netherlands"]
[Date "2011.01.26"]
[Round "10"]
[White "Ponomariov, Ruslan"]
[Black "Grischuk, Alexander"]
[Result "1-0"]
[ECO "E81"]
[WhiteElo "2744"]
[BlackElo "2773"]
[PlyCount "85"]
[EventDate "2011.01.14"]
[EventType "tourn"]
[EventRounds "13"]
[EventCountry "NED"]
[EventCategory "20"]
[Source "Wijk aan Zee"]
[SourceDate "2011.01.30"]
[WhiteTeam "Ukraine"]
[BlackTeam "Russia"]
[WhiteTeamCountry "UKR"]
[BlackTeamCountry "RUS"]
[TimeControl "40/6000+30:20/3000+30:900+30"]

1. d4 Nf6 2. c4 g6 3. Nc3 Bg7 4. e4 d6 5. f3 O-O 6. Nge2 c5 7. Be3 Nc6 8. d5
Ne5 9. Ng3 h5 10. Be2 h4 11. Nf1 e6 12. Nd2 exd5 13. cxd5 a6 14. a4 Bd7 15. a5
b5 16. axb6 Qxb6 17. Ra2 Qb4 18. O-O Bb5 19. Kh1 Rfb8 20. f4 Nc4 21. Bxc4 Bxc4
22. Ra4 Bxf1 23. Rxb4 cxb4 24. Na4 Bd3 25. Nb6 Rxb6 26. Bxb6 Bxe4 27. Nxe4 Nxe4
28. Qe1 f5 29. Qxb4 Rc8 30. Bc7 Re8 31. Kg1 Kh7 32. Kf1 Rc8 33. Qb7 Re8 34. Ba5
Kh6 35. Be1 h3 36. gxh3 Nc5 37. Qc6 Re3 38. Bf2 Rf3 39. Kg2 Rxf2+ 40. Kxf2 Bxb2
41. Kf3 Ne4 42. Qxa6 Bf6 43. Qb7 1-0

[Event "Tata Steel Chess, Group A"]
[Site "Wijk aan Zee, The Netherlands"]
[Date "2011.01.26"]
[Round "10"]
[White "Smeets, Jan"]
[Black "Kramnik, Vladimir"]
[Result "1/2-1/2"]
[ECO "C67"]
[WhiteElo "2662"]
[BlackElo "2784"]
[PlyCount "42"]
[EventDate "2011.01.14"]
[EventType "tourn"]
[EventRounds "13"]
[EventCountry "NED"]
[EventCategory "20"]
[Source "Wijk aan Zee"]
[SourceDate "2011.01.30"]
[WhiteTeam "Netherlands"]
[BlackTeam "Russia"]
[WhiteTeamCountry "NED"]
[BlackTeamCountry "RUS"]
[TimeControl "40/6000+30:20/3000+30:900+30"]

1. e4 e5 2. Nf3 Nc6 3. Bb5 Nf6 4. O-O Nxe4 5. Re1 Nd6 6. Nxe5 Be7 7. Bf1 Nxe5
8. Rxe5 O-O 9. d4 Bf6 10. Re1 Re8 11. c3 Rxe1 12. Qxe1 Nf5 13. Bf4 c6 14. Nd2
d5 15. Nf3 Nd6 16. Bd3 Bf5 17. Bxf5 Nxf5 18. Qe2 Qe7 19. Qd3 Nh4 20. Nxh4 Bxh4
21. g3 Bf6 1/2-1/2

[Event "Tata Steel Chess, Group A"]
[Site "Wijk aan Zee, The Netherlands"]
[Date "2011.01.28"]
[Round "11"]
[White "Aronian, Levon"]
[Black "Ponomariov, Ruslan"]
[Result "1/2-1/2"]
[ECO "E00"]
[WhiteElo "2805"]
[BlackElo "2744"]
[PlyCount "127"]
[EventDate "2011.01.14"]
[EventType "tourn"]
[EventRounds "13"]
[EventCountry "NED"]
[EventCategory "20"]
[Source "Wijk aan Zee"]
[SourceDate "2011.01.30"]
[WhiteTeam "Armenia"]
[BlackTeam "Ukraine"]
[WhiteTeamCountry "ARM"]
[BlackTeamCountry "UKR"]
[TimeControl "40/6000+30:20/3000+30:900+30"]

1. d4 Nf6 2. c4 e6 3. g3 Bb4+ 4. Nd2 c5 5. a3 Bxd2+ 6. Qxd2 Nc6 7. dxc5 Ne4 8.
Qe3 Qa5+ 9. Bd2 Nxd2 10. Qxd2 Qxc5 11. Rc1 b6 12. Bg2 Bb7 13. Nh3 Qe7 14. O-O
O-O 15. Rfd1 Rfd8 16. Qg5 Rab8 17. Rc3 Qxg5 18. Nxg5 h6 19. Ne4 d5 20. cxd5
exd5 21. Nd2 Nd4 22. Rd3 Nxe2+ 23. Kf1 Ba6 24. Nb3 Nxg3+ 25. hxg3 Rbc8 26. Nd4
g6 27. Bf3 Bxd3+ 28. Rxd3 Kg7 29. Kg2 h5 30. Bd1 a5 31. Bb3 Rc5 32. f4 b5 33.
Bd1 a4 34. Kf2 Rb8 35. b4 axb3 36. Rxb3 Rc4 37. Nxb5 h4 38. Be2 Ra4 39. Bf1
hxg3+ 40. Kxg3 Rb6 41. Be2 Kf6 42. Rc3 g5 43. fxg5+ Kxg5 44. Rc5 Rxb5 45. Rxb5
Rxa3+ 46. Kf2 Ra7 47. Rxd5+ Kf6 48. Bc4 Rc7 49. Rd4 Kg7 50. Ke3 Re7+ 51. Kd3
Kf8 52. Rg4 Rd7+ 53. Ke4 Re7+ 54. Kd5 Rd7+ 55. Kc6 Ra7 56. Rg1 Re7 57. Ra1 Re4
58. Bd5 Rf4 59. Kd7 Rf2 60. Ra8+ Kg7 61. Ra3 Kf8 62. Rd3 Rf6 63. Bf3 Kg7 64.
Bd1 1/2-1/2

[Event "Tata Steel Chess, Group A"]
[Site "Wijk aan Zee, The Netherlands"]
[Date "2011.01.28"]
[Round "11"]
[White "Grischuk, Alexander"]
[Black "L'Ami, Erwin"]
[Result "1/2-1/2"]
[ECO "E48"]
[WhiteElo "2773"]
[BlackElo "2628"]
[PlyCount "47"]
[EventDate "2011.01.14"]
[EventType "tourn"]
[EventRounds "13"]
[EventCountry "NED"]
[EventCategory "20"]
[Source "Wijk aan Zee"]
[SourceDate "2011.01.30"]
[WhiteTeam "Russia"]
[BlackTeam "Netherlands"]
[WhiteTeamCountry "RUS"]
[BlackTeamCountry "NED"]
[TimeControl "40/6000+30:20/3000+30:900+30"]

1. c4 Nf6 2. Nc3 e6 3. d4 Bb4 4. e3 O-O 5. Bd3 d5 6. cxd5 exd5 7. Nge2 Bd6 8.
Bd2 Re8 9. Rc1 c6 10. Qc2 Na6 11. a3 Nc7 12. f3 Ne6 13. O-O c5 14. dxc5 Bxc5
15. b4 Bb6 16. Nb5 Bd7 17. Nbd4 Rc8 18. Qb2 Nxd4 19. Nxd4 Rxc1 20. Rxc1 a6 21.
Re1 h5 22. Bc3 h4 23. Qf2 Nh5 24. Kh1 1/2-1/2

[Event "Tata Steel Chess, Group A"]
[Site "Wijk aan Zee, The Netherlands"]
[Date "2011.01.28"]
[Round "11"]
[White "Kramnik, Vladimir"]
[Black "Carlsen, Magnus"]
[Result "0-1"]
[ECO "E00"]
[WhiteElo "2784"]
[BlackElo "2814"]
[PlyCount "160"]
[EventDate "2011.01.14"]
[EventType "tourn"]
[EventRounds "13"]
[EventCountry "NED"]
[EventCategory "20"]
[Source "Wijk aan Zee"]
[SourceDate "2011.01.30"]
[WhiteTeam "Russia"]
[BlackTeam "Norway"]
[WhiteTeamCountry "RUS"]
[BlackTeamCountry "NOR"]
[TimeControl "40/6000+30:20/3000+30:900+30"]

1. d4 Nf6 2. c4 e6 3. g3 Bb4+ 4. Bd2 Bxd2+ 5. Qxd2 d5 6. Bg2 Nbd7 7. Nf3 c6 8.
O-O b6 9. Rc1 O-O 10. cxd5 cxd5 11. Na3 Bb7 12. Nb5 a6 13. Nd6 Qb8 14. Qb4 a5
15. Qa3 Ba6 16. Ne5 b5 17. Qxa5 Qxd6 18. Rc6 Qb8 19. Rxa6 Rxa6 20. Qxa6 Nxe5
21. dxe5 Qxe5 22. Qxb5 Rb8 23. Qd3 Rxb2 24. Qe3 Qxe3 25. fxe3 Rxe2 26. a4 Rc2
27. a5 Rc7 28. a6 Ra7 29. Bf1 Kf8 30. Rb1 Ke7 31. Rb7+ Rxb7 32. axb7 Nd7 33.
Kf2 Kd6 34. Bb5 Nb8 35. Be8 Ke7 36. Bb5 f6 37. Kf3 Kd6 38. Be8 Kc7 39. Bf7 Kxb7
40. Bxe6 Kc6 41. Bg8 h6 42. Kg4 Nd7 43. Kf5 Ne5 44. h3 Kc5 45. g4 Kd6 46. Bh7
Ke7 47. Bg8 g6+ 48. Kf4 Nf7 49. Bh7 g5+ 50. Kg3 Nd6 51. Bg8 Ne4+ 52. Kg2 Kd6
53. Kf3 Kc5 54. Bh7 Nc3 55. Bd3 Kb4 56. Ba6 Kb3 57. Bb7 Kc2 58. Ba6 Kd1 59. Bb7
Kd2 60. Bc6 Ke1 61. Bb7 Kf1 62. Ba8 Kg1 63. Kg3 Ne4+ 64. Kf3 Nd2+ 65. Kg3 Nf1+
66. Kf3 Nd2+ 67. Kg3 Nc4 68. Bxd5 Nxe3 69. Bb7 Nf1+ 70. Kf3 Kh2 71. Kf2 Nd2 72.
Bg2 Nc4 73. Bf1 Ne5 74. Ke3 Kg1 75. Be2 Kg2 76. Ke4 Kxh3 77. Kf5 Kh4 78. Bd1
Nc4 79. Ke4 Nd6+ 80. Kd5 f5 0-1

[Event "Tata Steel Chess, Group A"]
[Site "Wijk aan Zee, The Netherlands"]
[Date "2011.01.28"]
[Round "11"]
[White "Nepomniachtchi, Ian"]
[Black "Nakamura, Hikaru"]
[Result "0-1"]
[ECO "B12"]
[WhiteElo "2733"]
[BlackElo "2751"]
[PlyCount "88"]
[EventDate "2011.01.14"]
[EventType "tourn"]
[EventRounds "13"]
[EventCountry "NED"]
[EventCategory "20"]
[Source "Wijk aan Zee"]
[SourceDate "2011.01.30"]
[WhiteTeam "Russia"]
[BlackTeam "US of America"]
[WhiteTeamCountry "RUS"]
[BlackTeamCountry "USA"]
[TimeControl "40/6000+30:20/3000+30:900+30"]

1. e4 c6 2. d4 d5 3. e5 Bf5 4. h4 h5 5. c4 e6 6. Nc3 Ne7 7. Nge2 Bg4 8. f3 Bf5
9. Ng3 Bg6 10. Bg5 Qb6 11. Qd2 Nd7 12. a3 f6 13. Be3 Qb3 14. cxd5 Nxd5 15. Nxd5
Qxd5 16. Rc1 Nb6 17. Ne2 fxe5 18. dxe5 Qxe5 19. Bd4 Qc7 20. Qg5 Bf5 21. g4 hxg4
22. fxg4 Be4 23. Rh3 Be7 24. Qxg7 Rh7 25. Qe5 Qxe5 26. Bxe5 Bxh4+ 27. Ng3 Nd7
28. Bd4 Bf3 29. g5 Bg4 30. g6 Rh6 31. Rxh4 Rxh4 32. Rc3 Bf3 33. Rxf3 Rxd4 34.
Bh3 Ne5 35. Rf6 Nd3+ 36. Ke2 Nf4+ 37. Ke3 e5 38. Rf7 Rd3+ 39. Ke4 Rxg3 40. Bd7+
Kd8 41. Bf5 Nxg6 42. Rg7 Rb8 43. b4 b5 44. Bxg6 Rg5 0-1

[Event "Tata Steel Chess, Group A"]
[Site "Wijk aan Zee, The Netherlands"]
[Date "2011.01.28"]
[Round "11"]
[White "Shirov, Alexei"]
[Black "Giri, Anish"]
[Result "1/2-1/2"]
[ECO "C42"]
[WhiteElo "2722"]
[BlackElo "2686"]
[PlyCount "60"]
[EventDate "2011.01.14"]
[EventType "tourn"]
[EventRounds "13"]
[EventCountry "NED"]
[EventCategory "20"]
[Source "Wijk aan Zee"]
[SourceDate "2011.01.30"]
[WhiteTeam "Spain"]
[BlackTeam "Netherlands"]
[WhiteTeamCountry "ESP"]
[BlackTeamCountry "NED"]
[TimeControl "40/6000+30:20/3000+30:900+30"]

1. e4 e5 2. Nf3 Nf6 3. Nxe5 d6 4. Nf3 Nxe4 5. Nc3 Nxc3 6. dxc3 Be7 7. Be3 Nc6
8. Qd2 Be6 9. O-O-O Qd7 10. h4 h6 11. Bb5 a6 12. Ba4 b5 13. Bb3 Bf6 14. Qe2
O-O-O 15. c4 Na5 16. c5 Nxb3+ 17. axb3 Qc6 18. cxd6 Bxb3 19. Nd4 Bxd4 20. Rxd4
Rxd6 21. Rxd6 cxd6 22. Rd1 Be6 23. Qd3 Rd8 24. f3 Rd7 25. Bf4 Kb7 26. Bxd6 g6
27. Qe4 Bf5 28. Qxc6+ Kxc6 29. Bf4 Rxd1+ 30. Kxd1 h5 1/2-1/2

[Event "Tata Steel Chess, Group A"]
[Site "Wijk aan Zee, The Netherlands"]
[Date "2011.01.28"]
[Round "11"]
[White "Vachier Lagrave, Maxime"]
[Black "Anand, Viswanathan"]
[Result "1/2-1/2"]
[ECO "B81"]
[WhiteElo "2715"]
[BlackElo "2810"]
[PlyCount "68"]
[EventDate "2011.01.14"]
[EventType "tourn"]
[EventRounds "13"]
[EventCountry "NED"]
[EventCategory "20"]
[Source "Wijk aan Zee"]
[SourceDate "2011.01.30"]
[WhiteTeam "France"]
[BlackTeam "India"]
[WhiteTeamCountry "FRA"]
[BlackTeamCountry "IND"]
[TimeControl "40/6000+30:20/3000+30:900+30"]

1. e4 c5 2. Nf3 d6 3. d4 cxd4 4. Nxd4 Nf6 5. Nc3 a6 6. h3 e6 7. g4 Be7 8. Bg2
Nfd7 9. Be3 Nc6 10. Qe2 Nxd4 11. Bxd4 O-O 12. O-O-O b5 13. e5 d5 14. f4 Bb7 15.
Qe3 Rc8 16. Kb1 Qc7 17. Rc1 Bc5 18. Ne2 a5 19. c3 Ba6 20. Rc2 Qb6 21. Rhc1 b4
22. cxb4 Bxd4 23. Nxd4 Rxc2 24. Rxc2 axb4 25. f5 Rc8 26. Rxc8+ Bxc8 27. g5 Nf8
28. h4 exf5 29. Bxd5 g6 30. Bb3 Qb7 31. e6 Nxe6 32. Nxe6 Qh1+ 33. Kc2 Qh2+ 34.
Kb1 Qh1+ 1/2-1/2

[Event "Tata Steel Chess, Group A"]
[Site "Wijk aan Zee, The Netherlands"]
[Date "2011.01.28"]
[Round "11"]
[White "Wang Hao"]
[Black "Smeets, Jan"]
[Result "1/2-1/2"]
[ECO "D43"]
[WhiteElo "2731"]
[BlackElo "2662"]
[PlyCount "216"]
[EventDate "2011.01.14"]
[EventType "tourn"]
[EventRounds "13"]
[EventCountry "NED"]
[EventCategory "20"]
[Source "Wijk aan Zee"]
[SourceDate "2011.01.30"]
[WhiteTeam "China"]
[BlackTeam "Netherlands"]
[WhiteTeamCountry "CHN"]
[BlackTeamCountry "NED"]
[TimeControl "40/6000+30:20/3000+30:900+30"]

1. d4 d5 2. c4 c6 3. Nf3 Nf6 4. Nc3 e6 5. Qd3 dxc4 6. Qxc4 b5 7. Qd3 a6 8. Bg5
c5 9. Bxf6 Qxf6 10. Ne4 Qf5 11. Nxc5 Bxc5 12. Qc3 b4 13. Qxc5 Qxc5 14. dxc5 Bb7
15. Rc1 Ke7 16. e3 Rc8 17. Nd4 Bd5 18. Kd2 Nd7 19. Bc4 Rxc5 20. Bxd5 Rxd5 21.
Ke2 a5 22. Rc7 Rc5 23. Rc1 Rxc1 24. Rxc1 Nb6 25. Rc7+ Kf6 26. f4 Nd5 27. Rb7 a4
28. Nc6 g5 29. fxg5+ Kxg5 30. Nxb4 Nxb4 31. Rxb4 f5 32. h4+ Kf6 33. a3 Rc8 34.
Kd3 Rd8+ 35. Kc3 Rc8+ 36. Rc4 Ra8 37. g4 fxg4 38. Rxg4 Ke5 39. Kd3 Rd8+ 40. Rd4
Ra8 41. Rb4 Kf5 42. Rf4+ Ke5 43. Kc3 Rc8+ 44. Rc4 Rxc4+ 45. Kxc4 Ke4 46. Kb4
Kxe3 47. Kxa4 e5 48. b4 e4 49. b5 Kf3 50. b6 e3 51. b7 e2 52. b8=Q e1=Q 53.
Qb7+ Kg3 54. Qb3+ Kh2 55. Qc4 h5 56. Kb5 Qe8+ 57. Ka5 Qe5+ 58. Kb4 Qb2+ 59. Ka4
Qe5 60. Kb3 Qg3+ 61. Kb2 Qg7+ 62. Kc2 Qg2+ 63. Kb3 Qg3+ 64. Kb2 Qg7+ 65. Qc3
Qg4 66. Qb4 Qe2+ 67. Kc3 Qf3+ 68. Kd4 Qf2+ 69. Ke5 Qe3+ 70. Kf6 Qf3+ 71. Kg5
Kh3 72. Qe7 Qg4+ 73. Kh6 Qf3 74. Kg6 Qd1 75. Qe5 Qg4+ 76. Kh6 Qd1 77. Qf5+ Kh2
78. Kg5 Kg3 79. Qf4+ Kh3 80. Qe3+ Kh2 81. Kh6 Qg4 82. Qe7 Kh3 83. Qf6 Kg3 84.
Qd6+ Kh3 85. Qe5 Qa4 86. Qe7 Qd1 87. Qe3+ Kg4 88. Qe5 Kh3 89. Kg6 Qg4+ 90. Qg5
Qa4 91. Qe7 Qg4+ 92. Kh6 Qd1 93. Kg7 Qg4+ 94. Kh7 Qf5+ 95. Kh6 Qg4 96. Qf6 Kg3
97. Qg5 Kh3 98. Kg6 Qa4 99. Kxh5 Qxa3 100. Qf5+ Kh2 101. Qe5+ Kh3 102. Qe6+ Kh2
103. Qe4 Kh3 104. Qd5 Qc3 105. Qe6+ Kh2 106. Qe7 Kh3 107. Qd7+ Kg3 108. Qd8 Kh3
1/2-1/2

[Event "Tata Steel Chess, Group A"]
[Site "Wijk aan Zee, The Netherlands"]
[Date "2011.01.29"]
[Round "12"]
[White "Anand, Viswanathan"]
[Black "Giri, Anish"]
[Result "1/2-1/2"]
[ECO "D43"]
[WhiteElo "2810"]
[BlackElo "2686"]
[PlyCount "99"]
[EventDate "2011.01.14"]
[EventType "tourn"]
[EventRounds "13"]
[EventCountry "NED"]
[EventCategory "20"]
[Source "Wijk aan Zee"]
[SourceDate "2011.01.30"]
[WhiteTeam "India"]
[BlackTeam "Netherlands"]
[WhiteTeamCountry "IND"]
[BlackTeamCountry "NED"]
[TimeControl "40/6000+30:20/3000+30:900+30"]

1. d4 d5 2. c4 c6 3. Nf3 Nf6 4. Nc3 e6 5. Bg5 h6 6. Bxf6 Qxf6 7. e3 g6 8. Bd3
Bg7 9. O-O O-O 10. Rc1 dxc4 11. Bxc4 Nd7 12. e4 c5 13. d5 Nb6 14. b3 exd5 15.
Nxd5 Qd8 16. h3 Nxc4 17. bxc4 Re8 18. Re1 Bd7 19. Qd2 Rc8 20. Qf4 b5 21. e5 g5
22. Qg3 bxc4 23. Red1 Rc6 24. Ne3 Qc7 25. Nxc4 Be6 26. h4 g4 27. Nfd2 Rd8 28.
Re1 Rd4 29. Qe3 Qd8 30. g3 Qd5 31. Na5 Rc8 32. Ndc4 Rb8 33. Qe2 Bf8 34. Ne3 Qe4
35. Nb3 Bxb3 36. axb3 Rxb3 37. Qa2 Qb7 38. Qc2 Rb2 39. Qf5 Qe4 40. Qxe4 Rxe4
41. Ra1 c4 42. Rxa7 Bc5 43. Ra8+ Kh7 44. Rf1 c3 45. Rc8 Bd4 46. Rc7 Rxe5 47.
Rxf7+ Kg6 48. Rd7 Bxe3 49. fxe3 Rd2 50. Rc7 1/2-1/2

[Event "Tata Steel Chess, Group A"]
[Site "Wijk aan Zee, The Netherlands"]
[Date "2011.01.28"]
[Round "12"]
[White "L'Ami, Erwin"]
[Black "Aronian, Levon"]
[Result "1/2-1/2"]
[ECO "A56"]
[WhiteElo "2628"]
[BlackElo "2805"]
[PlyCount "91"]
[EventDate "2011.01.14"]
[EventType "tourn"]
[EventRounds "13"]
[EventCountry "NED"]
[EventCategory "20"]
[Source "Wijk aan Zee"]
[SourceDate "2011.01.30"]
[WhiteTeam "Netherlands"]
[BlackTeam "Armenia"]
[WhiteTeamCountry "NED"]
[BlackTeamCountry "ARM"]
[TimeControl "40/6000+30:20/3000+30:900+30"]

1. d4 Nf6 2. c4 c5 3. d5 e5 4. Nc3 d6 5. e4 Nbd7 6. Bd3 Be7 7. Nge2 g6 8. h3 h5
9. Be3 h4 10. Qd2 a6 11. a4 b6 12. Kd1 Nh7 13. Kc2 Rb8 14. Rhf1 Bg5 15. Ng1 Rb7
16. Nf3 Be7 17. g3 hxg3 18. fxg3 Ndf8 19. g4 g5 20. Ne2 Ng6 21. Ng3 Nf4 22. Nf5
Bxf5 23. exf5 b5 24. axb5 axb5 25. cxb5 Nxd3 26. Qxd3 c4 27. Qe2 O-O 28. b6
Rxb6 29. Bxb6 Qxb6 30. Qxc4 Rb8 31. Ra2 Nf6 32. Kb1 Qe3 33. Ka1 e4 34. Nd4 Qxh3
35. Qc1 e3 36. Ra3 Bf8 37. Rxe3 Qxg4 38. Rd3 Bg7 39. Rg1 Qe4 40. Qe3 Qxe3 41.
Rxe3 Nxd5 42. Rxg5 Nxe3 43. f6 Nd5 44. Rxg7+ Kf8 45. Rh7 Nxf6 46. Rh6 1/2-1/2

[Event "Tata Steel Chess, Group A"]
[Site "Wijk aan Zee, The Netherlands"]
[Date "2011.01.29"]
[Round "12"]
[White "Ponomariov, Ruslan"]
[Black "Shirov, Alexei"]
[Result "1/2-1/2"]
[ECO "D16"]
[WhiteElo "2744"]
[BlackElo "2722"]
[PlyCount "141"]
[EventDate "2011.01.14"]
[EventType "tourn"]
[EventRounds "13"]
[EventCountry "NED"]
[EventCategory "20"]
[Source "Wijk aan Zee"]
[SourceDate "2011.01.30"]
[WhiteTeam "Ukraine"]
[BlackTeam "Spain"]
[WhiteTeamCountry "UKR"]
[BlackTeamCountry "ESP"]
[TimeControl "40/6000+30:20/3000+30:900+30"]

1. d4 d5 2. c4 c6 3. Nf3 Nf6 4. Nc3 dxc4 5. a4 e6 6. e3 c5 7. Bxc4 Nc6 8. O-O
Be7 9. Qe2 cxd4 10. exd4 O-O 11. Be3 b6 12. Rad1 Nb4 13. Ne5 Bb7 14. f4 Bd5 15.
Nxd5 exd5 16. Bb3 Ne4 17. Qh5 Rc8 18. Rc1 Bf6 19. Qh3 Rxc1 20. Rxc1 Bxe5 21.
fxe5 f5 22. Rf1 g6 23. g4 fxg4 24. Qxg4 Rxf1+ 25. Kxf1 Qf8+ 26. Ke2 Qf5 27.
Qxf5 gxf5 28. a5 bxa5 29. Ba4 Kf7 30. Bd7 Kg6 31. Be8+ Kg7 32. Bd7 Kg6 33. h4
Nc2 34. Ba4 Ng3+ 35. Kf3 Nxe3 36. Kxe3 Kf7 37. Bd1 Ke6 38. Kf4 Ne4 39. Bc2 h6
40. Bd3 a4 41. Bc2 Nd2 42. Bxa4 Nc4 43. b3 Na3 44. b4 a6 45. Kf3 Nb1 46. Bc2
Nc3 47. Bd3 Na2 48. Bxa6 Nxb4 49. Bc8+ Ke7 50. Bxf5 Na6 51. Ke3 Nc7 52. Bc8 Kd8
53. Bb7 Ke7 54. Bc6 Kf8 55. Kd3 Ke7 56. Kc3 Kd8 57. h5 Ke7 58. Kc2 Ne6 59. Kd3
Nc7 60. Kc3 Kf8 61. Kd2 Ke7 62. Ke3 Kf8 63. Bb7 Kf7 64. Bc8 Ke7 65. Kf4 Nb5 66.
Kf5 Nxd4+ 67. Kg6 Nc6 68. Kxh6 Kf7 69. e6+ Kf6 70. Ba6 Nd4 71. e7 1/2-1/2

[Event "Tata Steel Chess, Group A"]
[Site "Wijk aan Zee, The Netherlands"]
[Date "2011.01.29"]
[Round "12"]
[White "Smeets, Jan"]
[Black "Grischuk, Alexander"]
[Result "0-1"]
[ECO "C70"]
[WhiteElo "2662"]
[BlackElo "2773"]
[PlyCount "94"]
[EventDate "2011.01.14"]
[EventType "tourn"]
[EventRounds "13"]
[EventCountry "NED"]
[EventCategory "20"]
[Source "Wijk aan Zee"]
[SourceDate "2011.01.30"]
[WhiteTeam "Netherlands"]
[BlackTeam "Russia"]
[WhiteTeamCountry "NED"]
[BlackTeamCountry "RUS"]
[TimeControl "40/6000+30:20/3000+30:900+30"]

1. e4 e5 2. Nf3 Nc6 3. Bb5 a6 4. Ba4 Nge7 5. Nc3 d6 6. O-O Bd7 7. a3 g6 8. d4
Bg7 9. dxe5 Nxe5 10. Nxe5 Bxe5 11. Bb3 Be6 12. Nd5 Nxd5 13. Bxd5 Bxd5 14. exd5
O-O 15. Qd3 Re8 16. c3 Qh4 17. g3 Qa4 18. Qd1 Qc4 19. Bh6 Bg7 20. Bxg7 Kxg7 21.
Qd4+ Qxd4 22. cxd4 Re2 23. b3 Rae8 24. Rac1 R8e7 25. Rc3 Ra2 26. b4 Kf8 27.
Rfc1 Ree2 28. Rf3 Rec2 29. Rxc2 Rxc2 30. Re3 b6 31. Kg2 a5 32. bxa5 bxa5 33.
Rb3 Rc4 34. Kf3 Rxd4 35. Rc3 Rxd5 36. Rxc7 Rd3+ 37. Ke2 Rxa3 38. Rd7 a4 39.
Rxd6 Rb3 40. Ra6 a3 41. Kf1 Ke7 42. Kg2 Kd7 43. Rf6 a2 44. Rxf7+ Kc6 45. Ra7
Rb2 46. h4 Kc5 47. g4 Kb4 0-1

[Event "Tata Steel Chess, Group A"]
[Site "Wijk aan Zee, The Netherlands"]
[Date "2011.01.29"]
[Round "12"]
[White "Vachier Lagrave, Maxime"]
[Black "Nepomniachtchi, Ian"]
[Result "1-0"]
[ECO "D94"]
[WhiteElo "2715"]
[BlackElo "2733"]
[PlyCount "71"]
[EventDate "2011.01.14"]
[EventType "tourn"]
[EventRounds "13"]
[EventCountry "NED"]
[EventCategory "20"]
[Source "Wijk aan Zee"]
[SourceDate "2011.01.30"]
[WhiteTeam "France"]
[BlackTeam "Russia"]
[WhiteTeamCountry "FRA"]
[BlackTeamCountry "RUS"]
[TimeControl "40/6000+30:20/3000+30:900+30"]

1. d4 Nf6 2. c4 g6 3. Nc3 d5 4. Nf3 Bg7 5. e3 O-O 6. cxd5 Nxd5 7. Bc4 Nb6 8.
Bb3 c5 9. O-O cxd4 10. exd4 Nc6 11. d5 Na5 12. Re1 Bg4 13. h3 Bxf3 14. Qxf3 Re8
15. Be3 Bxc3 16. bxc3 Nxb3 17. Bxb6 Nd2 18. Qd3 Qxb6 19. Qxd2 Qc5 20. Re4 Rad8
21. c4 f5 22. Re5 Qxc4 23. Rc1 Qa6 24. Rce1 Qd6 25. h4 Rd7 26. h5 gxh5 27. Rxf5
e5 28. Qg5+ Rg7 29. Qxh5 Rge7 30. Qf3 Rg7 31. Rf6 Qd8 32. d6 e4 33. Qf5 Rd7 34.
Re3 Rxd6 35. Rg3+ Kh8 36. Rg7 1-0

[Event "Tata Steel Chess, Group A"]
[Site "Wijk aan Zee, The Netherlands"]
[Date "2011.01.30"]
[Round "13"]
[White "Aronian, Levon"]
[Black "Smeets, Jan"]
[Result "1/2-1/2"]
[ECO "D43"]
[WhiteElo "2805"]
[BlackElo "2662"]
[PlyCount "122"]
[EventDate "2011.01.14"]
[EventType "tourn"]
[EventRounds "13"]
[EventCountry "NED"]
[EventCategory "20"]
[Source "Wijk aan Zee"]
[SourceDate "2011.01.30"]
[WhiteTeam "Armenia"]
[BlackTeam "Netherlands"]
[WhiteTeamCountry "ARM"]
[BlackTeamCountry "NED"]
[TimeControl "40/6000+30:20/3000+30:900+30"]

1. d4 d5 2. c4 c6 3. Nf3 Nf6 4. Nc3 e6 5. Qd3 dxc4 6. Qxc4 b5 7. Qd3 Nbd7 8. e4
b4 9. Na4 Qa5 10. b3 c5 11. e5 Nd5 12. Nd2 cxd4 13. Nc4 Qd8 14. Qxd4 Bb7 15.
Bb2 Be7 16. Bd3 O-O 17. O-O Bc6 18. Bc2 Rc8 19. Rac1 g6 20. g3 Bxa4 21. bxa4
Nc3 22. Bxc3 bxc3 23. Bb3 Rc5 24. Rfd1 c2 25. Bxc2 Nb6 26. Nd6 Qc7 27. Nb5 Qb8
28. Bb3 Rfc8 29. Rxc5 Bxc5 30. Qf4 Rd8 31. Rc1 Nd5 32. Qg5 Be7 33. Qg4 a6 34.
Nd4 Qxe5 35. Nc6 Qc7 36. Qc4 Ra8 37. Qe4 Rd8 38. Qc4 Ra8 39. a5 Bf6 40. Qc5 Ne7
41. Nb4 Qb7 42. Rc4 Rc8 43. Qb6 Qxb6 44. axb6 Rb8 45. Nxa6 Rxb6 46. Nc5 Nd5 47.
Nd7 Rb7 48. Nxf6+ Nxf6 49. Bc2 Rb2 50. a4 Ra2 51. Kf1 Nd5 52. Ke1 Nb6 53. Rb4
Rxc2 54. Rxb6 Ra2 55. Ra6 g5 56. a5 Kg7 57. h3 Kf6 58. Ra7 h5 59. a6 h4 60.
gxh4 gxh4 61. Kf1 Ke5 1/2-1/2

[Event "Tata Steel Chess, Group A"]
[Site "Wijk aan Zee, The Netherlands"]
[Date "2011.01.30"]
[Round "13"]
[White "Giri, Anish"]
[Black "Ponomariov, Ruslan"]
[Result "1/2-1/2"]
[ECO "E15"]
[WhiteElo "2686"]
[BlackElo "2744"]
[PlyCount "63"]
[EventDate "2011.01.14"]
[EventType "tourn"]
[EventRounds "13"]
[EventCountry "NED"]
[EventCategory "20"]
[Source "Wijk aan Zee"]
[SourceDate "2011.01.30"]
[WhiteTeam "Netherlands"]
[BlackTeam "Ukraine"]
[WhiteTeamCountry "NED"]
[BlackTeamCountry "UKR"]
[TimeControl "40/6000+30:20/3000+30:900+30"]

1. d4 Nf6 2. c4 e6 3. g3 Bb4+ 4. Bd2 Be7 5. Bg2 d5 6. Nf3 c6 7. Qc2 O-O 8. O-O
Nbd7 9. Rd1 b6 10. b3 Ba6 11. Bf4 Rc8 12. Nc3 Nh5 13. Bc1 Nhf6 14. e4 dxc4 15.
Bf4 Bb4 16. Nd2 Qe7 17. Nxc4 Bxc4 18. bxc4 e5 19. dxe5 Nxe5 20. a3 Bc5 21. Na4
Rfe8 22. Nxc5 Qxc5 23. Rdc1 Rcd8 24. Be3 Qe7 25. h3 Ng6 26. Re1 Nxe4 27. h4 Nf6
28. Bxc6 Ne5 29. Bg2 Qc7 30. Rec1 Neg4 31. Bf4 Qc5 32. Rab1 1/2-1/2

[Event "Tata Steel Chess, Group A"]
[Site "Wijk aan Zee, The Netherlands"]
[Date "2011.01.30"]
[Round "13"]
[White "Grischuk, Alexander"]
[Black "Carlsen, Magnus"]
[Result "1/2-1/2"]
[ECO "D07"]
[WhiteElo "2773"]
[BlackElo "2814"]
[PlyCount "37"]
[EventDate "2011.01.14"]
[EventType "tourn"]
[EventRounds "13"]
[EventCountry "NED"]
[EventCategory "20"]
[Source "Wijk aan Zee"]
[SourceDate "2011.01.30"]
[WhiteTeam "Russia"]
[BlackTeam "Norway"]
[WhiteTeamCountry "RUS"]
[BlackTeamCountry "NOR"]
[TimeControl "40/6000+30:20/3000+30:900+30"]

1. d4 d5 2. Nf3 Nc6 3. c4 Bg4 4. cxd5 Bxf3 5. gxf3 Qxd5 6. e3 e5 7. Nc3 Bb4 8.
Bd2 Bxc3 9. bxc3 Nge7 10. c4 Qd6 11. d5 Nb8 12. Rb1 b6 13. Bb4 c5 14. dxc6 Qxc6
15. Bd3 Qe6 16. c5 Nbc6 17. cxb6 Nxb4 18. Rxb4 axb6 19. Qb3 1/2-1/2

[Event "Tata Steel Chess, Group A"]
[Site "Wijk aan Zee, The Netherlands"]
[Date "2011.01.30"]
[Round "13"]
[White "Kramnik, Vladimir"]
[Black "Vachier Lagrave, Maxime"]
[Result "1/2-1/2"]
[ECO "D85"]
[WhiteElo "2784"]
[BlackElo "2715"]
[PlyCount "45"]
[EventDate "2011.01.14"]
[EventType "tourn"]
[EventRounds "13"]
[EventCountry "NED"]
[EventCategory "20"]
[Source "Wijk aan Zee"]
[SourceDate "2011.01.30"]
[WhiteTeam "Russia"]
[BlackTeam "France"]
[WhiteTeamCountry "RUS"]
[BlackTeamCountry "FRA"]
[TimeControl "40/6000+30:20/3000+30:900+30"]

1. d4 Nf6 2. c4 g6 3. Nc3 d5 4. cxd5 Nxd5 5. e4 Nxc3 6. bxc3 Bg7 7. Be3 c5 8.
Rc1 O-O 9. Nf3 Bg4 10. Be2 Qa5 11. O-O Qxa2 12. Bg5 Qe6 13. Re1 Qd7 14. d5 e5
15. Qb3 Bxf3 16. Bxf3 Na6 17. Be2 c4 18. Qxc4 Qd6 19. Bg4 f5 20. exf5 gxf5 21.
Bh5 Nc5 22. Rcd1 Rac8 23. Qh4 1/2-1/2